 Dungeon Crawl Stone Soup version 0.27.1-35-g4d5d836560 (webtiles) character file.

Game seed: 5225262477226436158

12740 Froggeryz the Martial Artist (level 11, -2/121 HPs)
             Began as an Octopode Berserker on Dec 25, 2022.
             Was a High Priest of Trog.
             Slain by a black mamba (17 damage)
             ... on level 1 of the Lair of Beasts.
             The game lasted 00:13:04 (15236 turns).

Froggeryz the Martial Artist (Octopode Berserker)  Turns: 15236, Time: 00:13:05

Health: -2/121     AC:  1    Str: 16    XL:     11   Next: 98%
Magic:  11/11      EV: 17    Int:  9    God:    Trog [*****.]
Gold:   333        SH:  5    Dex: 16    Spells: 10/10 levels left

rFire    . . .     SeeInvis .     - Unarmed
rCold    + . .     Faith    .   (no shield)
rNeg     . . .     Spirit   .   (helmet restricted)
rPois    +         Reflect  +   y - amulet of reflection
rElec    .         Harm     .   f - ring of poison resistance
rCorr    .         Rampage  .   o - ring of protection from cold
Will     .....                  (no ring)
Stlth    ..........             (no ring)
HPRegen  0.30/turn              (no ring)
MPRegen  0.12/turn              (no ring)
                                (no ring)
                                (no ring)

@: berserking, lethally poisoned (-2 -> -14), very quick
A: almost no armour, amphibious, 8 rings, camouflage 1, gelatinous body 1,
(nimble swimmer 1), tentacles
a: Renounce Religion, Berserk, Trog's Hand, Brothers in Arms


You were on level 1 of the Lair of Beasts.
You worshipped Trog.
Trog was extremely pleased with you.
You visited 3 branches of the dungeon, and saw 12 of its levels.

You collected 545 gold pieces.
You spent 212 gold pieces at shops.

Inventory:

Missiles
 t - 3 throwing nets
 u - 6 curare-tipped darts
 v - 59 poisoned darts (quivered)
 x - 9 boomerangs
Jewellery
 f - a ring of poison resistance (left tentacle)
 o - a ring of protection from cold (right tentacle)
 q - a ring of fire
 y - an amulet of reflection (around mantle)
Wands
 h - a wand of digging (5)
 p - a wand of acid (11)
 s - a wand of flame (40)
Scrolls
 d - 2 scrolls of summoning
 i - 6 scrolls of teleportation
 j - 3 scrolls of enchant armour
 k - a scroll of fog
 m - a scroll of silence
 n - 3 scrolls of magic mapping
 r - a scroll of blinking
Potions
 a - 4 potions of heal wounds
 b - a potion of magic {unknown}
 c - 9 potions of curing {unknown}
 g - 2 potions of attraction {unknown}
 l - a potion of cancellation {unknown}
 w - a potion of resistance {unknown}
 z - a potion of haste {unknown}


   Skills:
 + Level 9.8 Fighting
 - Level 3.4 Throwing
 + Level 7.7 Dodging
 - Level 8.5 Stealth
 * Level 13.0 Unarmed Combat


You had 10 spell levels left.
You didn't know any spells.
Your spell library was empty.

Dungeon Overview and Level Annotations

Branches:
Dungeon (10/15)            Temple (1/1) D:7            Lair (1/6) D:8
    Orc: D:9-12

Altars:
Ashenzari
Elyvilon
Hepliaklqana
Kikubaaqudgha
Makhleb
Okawaru
Sif Muna
Wu Jian
Yredelemnul
The Shining One
Beogh

Shops:
D:1 [   D:2 *   D:3 *   D:7 ?   D:9 ?

Annotations:
D:7 exclusion: cyclops
D:10 3 runed translucent doors, peterlawrence's ghost, journeyman MiFi


Innate Abilities, Weirdness & Mutations

You cannot wear most types of armour.
You are amphibious.
You can wear up to eight rings at the same time.
Your skin changes colour to match your surroundings (Stealth+).
Your rubbery body absorbs attacks. (AC +1, EV +1)
((You are camouflaged near water. (Stealth+)))
You have tentacles for arms and can constrict up to eight enemies at once.


Message History

The seven-headed hydra misses you. The seven-headed hydra bites you.
The seven-headed hydra closely misses you.
A red film seems to cover your vision as you go berserk!
You feel yourself moving faster!
You feel mighty!
The seven-headed hydra bites you! x2; The seven-headed hydra bites you.
The seven-headed hydra completely misses you.
The seven-headed hydra bites you! The seven-headed hydra misses you.
The seven-headed hydra closely misses you.
You batter the seven-headed hydra!!
The seven-headed hydra is severely wounded.
You hear an angry hiss.
The seven-headed hydra barely misses you.
The seven-headed hydra bites you!
You block the seven-headed hydra's attack.
The seven-headed hydra bites you.
You block the seven-headed hydra's attack.
The seven-headed hydra bites you.
* * * LOW HITPOINT WARNING * * *
The seven-headed hydra barely misses you.
You bludgeon the seven-headed hydra!
You tentacle-slap the seven-headed hydra!
The seven-headed hydra is almost dead.
A black mamba comes into view.
You batter the seven-headed hydra!!
You kill the seven-headed hydra!
Trog accepts your kill.
Your Unarmed Combat skill increases to level 13!
The black mamba bites you!
* * * LOW HITPOINT WARNING * * *
You are poisoned.
The black mamba poisons you!
You tentacle-slap the black mamba. You grab the black mamba.
You squeeze the black mamba.
The black mamba is lightly wounded.
You constrict the black mamba.
You feel sick. You block the black mamba's attack.
You batter the black mamba!!
The black mamba is severely wounded.
You constrict the black mamba.
You feel sick. The black mamba bites you!
You die...

...........(.... ...
.....⌠.....⌠..> ...⌠
.........$.... ....
#...###....# ....#
#.###.#...## ##^..#
#..........## ....#
.##.#..##...#####....#
.......###....⌠....#
...###.# #......@.##
P...##.# ####.>.S##
#......# #####.#
#.###.## ..# ..#####
.... ....# ...## ....#
..## ....# ... ....#


You could see a black mamba.

Vanquished Creatures
  A hydra (Lair:1)
  A boulder beetle (D:9)
  3 two-headed ogres
  An elephant (D:8)
  A cane toad (Lair:1)
  2 komodo dragons
  A meliai zombie (D:10)
  2 wyverns (D:10)
  19 yaks
  4 steam dragons
  2 orc warriors (D:9)
  A sky beast (D:5)
  6 black bears
  An ogre (D:4)
  4 necrophages
  3 centaurs
  4 phantoms
  A kobold brigand (D:9)
  5 bullfrogs
  3 wyvern zombies
  A scorpion (D:7)
  2 water moccasin skeletons (D:6)
  5 killer bees (D:7)
  4 wights (D:8)
  3 howler monkeys (D:9)
  2 bullfrog zombies
  6 centaur zombies
  A gnoll shaman (D:9)
  2 jellies
  5 orc priests
  4 centaur skeletons
  A bullfrog skeleton (D:5)
  A human zombie (D:8)
  Jessica (D:2)
  3 iguanas
  4 orc wizards
  3 killer bee zombies
  A hound skeleton (D:4)
  2 mummies (D:8)
  4 howler monkey zombies
  16 gnolls
  4 adders
  2 shadow imps
  2 ufetubi
  2 worms
  3 dart slugs
  37 orcs
  9 ball pythons
  4 bats
  5 endoplasms
  2 giant cockroaches
  4 goblins
  A hobgoblin (D:1)
  4 jackals
  5 quokkas
  6 frilled lizards
  10 kobolds
  5 rats
241 creatures vanquished.

Vanquished Creatures (others)
  A jelly (D:5)
  4 fungi
  6 plants
11 creatures vanquished.

Grand Total: 252 creatures vanquished

Notes
Turn   | Place    | Note
-------+----------+-------------------------------------------
     0 | D:1      | Froggeryz the Octopode Berserker began the quest for the
                  | Orb.
     0 | D:1      | Reached XP level 1. HP: 16/16 MP: 1/1
   112 | D:1      | Found Niogg's Armour Shoppe.
   207 | D:1      | Reached XP level 2. HP: 14/21 MP: 2/2
   333 | D:1      | Reached skill level 1 in Stealth
   633 | D:1      | Reached XP level 3. HP: 26/26 MP: 3/3
  1065 | D:2      | Reached ** piety under Trog
  1320 | D:2      | Noticed Jessica
  1326 | D:2      | Killed Jessica
  1327 | D:2      | Reached skill level 4 in Unarmed Combat
  1327 | D:2      | Reached XP level 4. HP: 31/31 MP: 4/4
  1417 | D:2      | Found Desmytsu's General Store.
  1425 | D:2      | Bought a scroll of identify for 26 gold pieces
  2109 | D:2      | Reached XP level 5. HP: 21/37 MP: 5/5
  2528 | D:3      | Found Unusa's Assorted Antiques.
  2535 | D:3      | Bought a scroll labelled OCYCVO JUNING for 17 gold pieces
  2535 | D:3      | Bought a scroll labelled ADDAT ICEM for 17 gold pieces
  2535 | D:3      | Bought a scroll labelled CEUPNYCIAL for 17 gold pieces
  2535 | D:3      | Bought a murky golden potion for 15 gold pieces
  2535 | D:3      | Bought a murky golden potion for 15 gold pieces
  2707 | D:3      | Found an iron altar of Okawaru.
  2713 | D:3      | Found a broken altar of Ashenzari.
  2714 | D:3      | Found a glowing golden altar of the Shining One.
  2716 | D:3      | Found a burning altar of Makhleb.
  2718 | D:3      | Found a white marble altar of Elyvilon.
  3250 | D:3      | Reached skill level 5 in Unarmed Combat
  3327 | D:3      | Reached XP level 6. HP: 33/43 MP: 6/6
  3413 | D:4      | Reached *** piety under Trog
  3501 | D:4      | Noticed a black bear
  3506 | D:4      | Killed a black bear
  3817 | D:4      | Reached skill level 6 in Unarmed Combat
  3817 | D:4      | Reached XP level 7. HP: 30/49 MP: 7/7
  3972 | D:4      | Reached skill level 5 in Stealth
  4071 | D:5      | Entered Level 5 of the Dungeon
  4087 | D:5      | Reached skill level 5 in Fighting
  4600 | D:5      | Reached XP level 8. HP: 20/55 MP: 8/8
  4843 | D:5      | Noticed a yak
  4847 | D:5      | Reached skill level 7 in Unarmed Combat
  4863 | D:5      | Killed a yak
  5815 | D:5      | Reached skill level 8 in Unarmed Combat
  6027 | D:5      | Noticed a yak
  6027 | D:5      | Noticed a yak
  6027 | D:5      | Noticed a two-headed ogre
  6437 | D:6      | Reached XP level 9. HP: 38/63 MP: 9/9
  6950 | D:6      | Reached skill level 9 in Unarmed Combat
  7640 | D:5      | Killed a two-headed ogre
  7641 | D:5      | Reached skill level 1 in Throwing
  7769 | D:5      | Reached skill level 10 in Unarmed Combat
  8058 | D:7      | Reached XP level 10. HP: 57/71 MP: 10/10
  8346 | D:7      | Found a basalt altar of Yredelemnul.
  8673 | D:7      | Found Seilo Loorea's Magic Scroll Emporium.
  8683 | D:7      | Noticed a cyclops
  8704 | D:7      | Bought a scroll of blinking for 105 gold pieces
  8957 | D:7      | Found a staircase to the Ecumenical Temple.
  9400 | Temple   | Entered the Ecumenical Temple
  9891 | D:8      | Found a staircase to the Lair.
  9891 | D:8      | Noticed an elephant
  9912 | D:8      | Reached **** piety under Trog
 10451 | D:8      | Reached skill level 5 in Dodging
 10716 | D:8      | Killed an elephant
 11014 | D:8      | Reached skill level 11 in Unarmed Combat
 11150 | D:8      | Found an ancient bone altar of Kikubaaqudgha.
 11461 | D:8      | Found a shimmering blue altar of Sif Muna.
 11646 | D:9      | Found Maaddis's Magic Scroll Shoppe.
 11647 | D:9      | Noticed a two-headed ogre
 11963 | D:9      | Noticed a boulder beetle
 11976 | D:9      | Killed a boulder beetle
 11977 | D:9      | Reached XP level 11. HP: 65/78 MP: 11/11
 11981 | D:9      | Killed a two-headed ogre
 12187 | D:9      | Noticed a two-headed ogre
 12195 | D:9      | Killed a two-headed ogre
 12290 | D:9      | Reached skill level 12 in Unarmed Combat
 12999 | D:9      | Identified the amulet "Sudeahonk" {Reflect Harm rF+ SH+5
                  | SInv Stlth-}
 13036 | D:10     | Entered Level 10 of the Dungeon
 13292 | D:10     | Reached ***** piety under Trog
 13525 | D:10     | Found a runed translucent gate.
 13526 | D:10     | Found a runed translucent gate.
 13528 | D:10     | Found a runed translucent gate.
 13530 | D:10     | Noticed peterlawrence's ghost (journeyman MiFi)
 14353 | D:10     | HP: 3/80 [acid (15)]
 14781 | Lair:1   | Entered Level 1 of the Lair of Beasts
 15221 | Lair:1   | Noticed a seven-headed hydra
 15233 | Lair:1   | Killed a seven-headed hydra
 15234 | Lair:1   | Reached skill level 13 in Unarmed Combat
 15236 | Lair:1   | Slain by a black mamba

Illustrated notes

Levels and vault maps discovered:
D:1:      dpeg_arrival_boxes_within_box, layout_loops_cross, serial_shops,
          nicolae_shop_temple_entry_statues_fountains, minivault_27,
          corner_web_ring, minmay_misc_feat_columns
D:2:      layout_basic, serial_shops, shop, uniq_jessica
D:3:      layout_rooms, minitemple, serial_shops,
          nicolae_shop_competitors_out_of_business
D:4:      layout_basic
D:5:      lemuel_ice_spiral_2, layout_basic
D:6:      layout_basic
D:7:      layout_loops_ring, nicolae_yredelemnul_corpse_copse,
          minmay_temple_entry_antechambers, serial_shops, shop_scrolls
D:8:      layout_loops_cross, lemuel_mausoleum_altar_kikubaaqudgha, tgw_sif,
          david_lair_generic
D:9:      minmay_weird_star, layout_small_grid, serial_shops,
          nicolae_stop_n_shop_1
D:10:     layout_roguey, special_room [special_room_orc],
          gammafunk_ghost_necromancy, minmay_misc_feat_doors
Temple:   dpeg_chambers_temple
Lair:1:   layout_loops_ring, grunt_megastairs_5, infiniplex_staircase_pool_2

Skill      XL: |  1  2  3  4  5  6  7  8  9 10 11 |
---------------+----------------------------------+-----
Stealth        | 1 2 3 4 6 7 8 |  8.5
Unarmed Combat | 4 5 6 8 10 11 13 | 13.0
Fighting       | 4 5 6 7 8 9 |  9.8
Throwing       | 2 3 |  3.4
Dodging        | 4 6 7 |  7.7

Action                   |  1- 3 |  4- 6 |  7- 9 | 10-12 || total
-------------------------+-------+-------+-------+-------++-------
Melee: Unarmed           |    55 |   132 |   148 |   372 ||   707
       Constrict         |    15 |    34 |    16 |    58 ||   123
       Tentacles         |    12 |    31 |    33 |    85 ||   161
       Punch             |       |     4 |    13 |    36 ||    53
Throw: Dart              |       |       |     4 |    43 ||    47
Invok: Berserk           |       |     2 |     3 |     7 ||    12
Evoke: Wand              |       |       |       |     1 ||     1
  Use: Scroll            |       |     2 |     4 |     8 ||    14
 Stab: Sleeping          |    10 |     8 |    14 |    19 ||    51
       Distracted        |       |     2 |     1 |     1 ||     4
Armor: Skin              |     3 |     9 |     9 |    12 ||    33
Dodge: Dodged            |    31 |   103 |    68 |   225 ||   427
Block: Other             |       |       |       |    13 ||    13
